[Event "ICC Open 2015"]
[Site "Internet Chess Club"]
[Date "2015.05.30"]
[Round "8"]
[White "Colombiano07"]
[Black "eddington"]
[Result "1-0"]
[ICCResult "Black resigns"]
[WhiteElo "1917"]
[BlackElo "2138"]
[Opening "Réti: King's Indian attack (Barcza system)"]
[ECO "E06"]
[NIC "CA.05"]
[Time "15:36:12"]
[TimeControl "180+0"]

1. Nf3 d5 2. g3 Nf6 3. Bg2 e6 4. O-O Be7 5. d4 O-O 6. c4 dxc4 7. Nc3 a6 8.
e4 b5 9. e5 Nd5 10. a4 b4 11. Ne4 Nd7 12. Nfd2 c3 13. bxc3 bxc3 14. Nb1 c5
15. Nbxc3 Bb7 16. Ba3 Nxc3 17. Nxc3 Bxg2 18. Kxg2 cxd4 19. Qxd4 Bxa3 20.
Rxa3 Qc7 21. f4 Rfd8 22. Ne4 Qb7 23. Raf3 Nb6 24. Nd6 Qc6 25. a5 Nd5 26. Qe4
Rab8 27. f5 Rb2+ 28. Kh3 Qd7 29. Qg4 exf5 30. Nxf5 f6 31. e6 Qb7 32. e7 Nf4+
33. gxf4 Rxh2+ 34. Kxh2 Rd2+ 35. Kh3 {Black resigns} 1-0

[Event "ICC Open 2015"]
[Site "Internet Chess Club"]
[Date "2015.05.30"]
[Round "8"]
[White "LUCECOAGU"]
[Black "HaraldEskilstu"]
[Result "1-0"]
[ICCResult "Black forfeits on time"]
[WhiteElo "2360"]
[BlackElo "2019"]
[Opening "Alekhine's defense: Steiner variation"]
[ECO "B02"]
[NIC "AL.10"]
[Time "15:34:56"]
[TimeControl "180+0"]

1. e4 Nf6 2. e5 Nd5 3. c4 Nb6 4. b3 g6 5. Bb2 Bg7 6. f4 d6 7. d4 O-O 8. Nd2
dxe5 9. fxe5 c5 10. d5 Qc7 11. Ngf3 Bg4 12. h3 Bxf3 13. Nxf3 N6d7 14. Qe2
Qa5+ 15. Qd2 Qxd2+ 16. Kxd2 e6 17. Kc2 Re8 18. Re1 Na6 19. a3 Nc7 20. d6 Na6
21. g4 Nab8 22. Bg2 Nc6 23. Re2 Rab8 24. Rhe1 a6 25. Ng5 Rec8 26. Nf3 b5 27.
cxb5 axb5 28. Kb1 Na5 29. Ka2 c4 30. b4 Nc6 31. Kb1 Nb6 32. Nd4 Nxd4 33.
Bxd4 Nd5 34. Bxd5 exd5 35. Kc2 Ra8 36. Bb2 Rd8 37. g5 h6 38. h4 hxg5 39.
hxg5 Rd7 40. Rf1 Re8 41. Bd4 Re6 42. Kc3 Re8 43. Bc5 Ra8 44. Kd4 Rxa3 45.
Kxd5 Ra6 46. e6 fxe6+ 47. Rxe6 Ra8 48. Rxg6 Re8 49. Re6 Rxe6 50. Kxe6 Rd8
51. d7 Bf8 52. Bxf8 Kh7 53. Rf7+ Kg6 54. Be7 Rg8 55. d8=Q Rxd8 56. Bxd8 Kh5
57. Bf6 Kg4 58. Rb7 {Black forfeits on time} 1-0

[Event "ICC Open 2015"]
[Site "Internet Chess Club"]
[Date "2015.05.30"]
[Round "8"]
[White "gauss"]
[Black "chessassassin"]
[Result "1-0"]
[ICCResult "Black checkmated"]
[WhiteElo "2050"]
[BlackElo "1933"]
[Opening "Robatsch (modern) defense"]
[ECO "B07"]
[NIC "QO.17"]
[Time "15:35:55"]
[TimeControl "180+0"]

1. d4 d6 2. e4 g6 3. Nc3 Bg7 4. Be3 a6 5. Qd2 b5 6. a4 b4 7. Nce2 Bb7 8. f3
a5 9. h4 h5 10. Nh3 Nd7 11. Ng5 Ngf6 12. Nf4 O-O 13. Be2 c5 14. d5 Ne5 15.
g4 hxg4 16. h5 gxh5 17. fxg4 Nexg4 18. Bxg4 Nxg4 19. Nxh5 Bxb2 20. Qe2 Bc3+
21. Kd1 Bc8 22. Rb1 Qd7 23. Rg1 f5 24. Ne6 Rf7 25. Rxg4+ fxg4 26. Qxg4+ Kh8
27. Nhf4 Rh7 28. Ng6+ Kg8 29. Nxe7+ Kf7 30. Qg8+ Kf6 31. Qg6+ Ke5 32. Qf5#
{Black checkmated}
1-0

[Event "ICC Open 2015"]
[Site "Internet Chess Club"]
[Date "2015.05.30"]
[Round "8"]
[White "la8pv"]
[Black "MD1"]
[Result "0-1"]
[ICCResult "White checkmated"]
[WhiteElo "1788"]
[BlackElo "1683"]
[Opening "Van't Kruijs opening"]
[ECO "A00"]
[Time "15:36:07"]
[TimeControl "180+0"]

1. e3 c5 2. b3 f5 3. Bb2 e6 4. Bd3 d5 5. g4 Nh6 6. g5 Nf7 7. h4 Bd6 8. Bxg7
Rg8 9. Bf6 Qb6 10. Qh5 Nd7 11. Qxh7 Nxf6 12. gxf6 Rf8 13. Nf3 e5 14. Ng5 e4
15. Be2 Be5 16. Bh5 Qxf6 17. Nxf7 Rxf7 18. Qg8+ Ke7 19. Bxf7 Qxf7 20. Qxf7+
Kxf7 21. Nc3 d4 22. Nd5 dxe3 23. Rd1 exf2+ 24. Kxf2 Bd4+ 25. Ne3 f4 26. c3
fxe3+ 27. Ke2 Bg4+ 28. Ke1 Bxd1 29. cxd4 Bf3 30. Rg1 exd2+ 31. Kxd2 cxd4 32.
b4 Rg8 33. Rc1 Rg2+ 34. Ke1 Rg1+ 35. Kd2 Rxc1 36. Kxc1 Ke6 37. b5 Kd5 38. h5
Bxh5 39. a4 Bf3 40. a5 Kc5 41. b6 axb6 42. a6 bxa6 43. Kb2 Kc4 44. Ka3 d3
45. Ka4 d2 46. Ka3 d1=R 47. Ka2 Rd5 48. Ka3 Rb5 49. Ka4 Ra5# {White
checkmated} 0-1

[Event "ICC Open 2015"]
[Site "Internet Chess Club"]
[Date "2015.05.30"]
[Round "8"]
[White "RAFALVAR"]
[Black "saentis25"]
[Result "1-0"]
[ICCResult "Black forfeits on time"]
[WhiteElo "1640"]
[BlackElo "1328"]
[Opening "Ruy Lopez: exchange variation, 5.O-O"]
[ECO "C68"]
[NIC "RL.08"]
[Time "15:35:07"]
[TimeControl "180+0"]

1. e4 e5 2. Nf3 Nc6 3. Bb5 a6 4. Bxc6 dxc6 5. O-O Bd6 6. h3 Nf6 7. Re1 h6 8.
c3 O-O 9. d4 Re8 10. Nbd2 Bd7 11. Nc4 exd4 12. e5 b5 13. Na5 dxc3 14. exd6
Rxe1+ 15. Qxe1 cxd6 16. Qxc3 Nd5 17. Qe1 Qf6 18. Nh2 Re8 19. Qd1 Nf4 20.
Bxf4 Qxf4 21. Nb3 d5 22. Qd2 Qxd2 23. Nxd2 Re2 24. Nhf3 d4 25. Re1 d3 26.
Kf1 Rxe1+ 27. Nxe1 c5 28. Nxd3 c4 29. Nc5 Bc8 30. g3 f6 31. h4 Kf7 32. Ke2
Ke7 33. Ke3 Kd6 34. Kd4 Bf5 35. Nde4+ Bxe4 36. Nxe4+ Kc6 37. g4 a5 38. f4
Kd7 39. a4 bxa4 40. Kxc4 Kc6 41. f5 Kb6 42. Nc5 Kc6 43. Ne6 Kd6 44. Nxg7 Ke5
45. Nh5 Ke4 46. Nxf6+ Kf4 47. Nd5+ Kxg4 48. f6 Kxh4 49. f7
{Black forfeits on time}
1-0

[Event "ICC Open 2015"]
[Site "Internet Chess Club"]
[Date "2015.05.30"]
[Round "8"]
[White "johnny197"]
[Black "sceptic"]
[Result "1-0"]
[ICCResult "Black forfeits on time"]
[WhiteElo "1391"]
[BlackElo "1535"]
[Opening "QGD: Albin counter-gambit"]
[ECO "D08"]
[NIC "QG.02"]
[Time "15:36:16"]
[TimeControl "180+0"]

1. d4 d5 2. c4 e5 3. dxe5 d4 4. Nf3 Nc6 5. a3 Nge7 6. e3 Nf5 7. exd4 Nfxd4
8. Nxd4 Nxd4 9. Bf4 Bf5 10. Bd3 Nb3 11. Qxb3 Bxd3 12. Qb5+ c6 13. Qxb7 Rc8
14. Nc3 Bc5 15. O-O-O Bxf2 16. Rxd3 Qxd3 17. Qxc8+ Ke7 18. Bg5+ f6 19. exf6+
gxf6 20. Qxh8 fxg5 21. Qg7+ Ke8 22. Qe5+ Kf8 23. Rd1 Be3+ 24. Rd2 Qxd2+ 25.
Kb1 Qd4 26. Qb8+ Kg7 27. Qc7+ {Black forfeits on time} 1-0

[Event "ICC Open 2015"]
[Site "Internet Chess Club"]
[Date "2015.05.30"]
[Round "8"]
[White "chessdjw"]
[Black "OptimusMagister"]
[Result "0-1"]
[ICCResult "White checkmated"]
[WhiteElo "2357"]
[BlackElo "2325"]
[Opening "King's Indian: Gligoric-Taimanov system"]
[ECO "E92"]
[NIC "KI.18"]
[Time "15:35:46"]
[TimeControl "180+0"]

1. Nf3 Nf6 2. c4 g6 3. Nc3 Bg7 4. e4 d6 5. d4 O-O 6. Be2 e5 7. Be3 Nc6 8. d5
Ne7 9. Nd2 Ne8 10. c5 f5 11. f3 Kh8 12. Nc4 Ng8 13. O-O Bh6 14. Bxh6 Nxh6
15. Rc1 f4 16. Qb3 Nf7 17. Na5 Qh4 18. Nxb7 Rb8 19. c6 g5 20. Qd1 Rg8 21. b4
g4 22. fxg4 Bxg4 23. Bxg4 Rxg4 24. Rc2 Nf6 25. Rf3 Rbg8 26. Kh1 Ng5 27. Rd3
Ngxe4 28. Nxe4 Nxe4 29. Kg1 Ng5 30. Nxd6 e4 31. Rb3 Nf3+ 32. Rxf3 exf3 33.
Qd4+ R8g7 34. Qe5 cxd6 35. c7 dxe5 36. c8=Q+ Rg8 37. Qc3 Rxg2+ 38. Kf1 Rg1#
{White checkmated}
0-1

[Event "ICC Open 2015"]
[Site "Internet Chess Club"]
[Date "2015.05.30"]
[Round "8"]
[White "sonovkong"]
[Black "Piranha"]
[Result "1-0"]
[ICCResult "Black forfeits on time"]
[WhiteElo "1624"]
[BlackElo "1709"]
[Opening "Sicilian: closed"]
[ECO "B24"]
[NIC "SI.44"]
[Time "15:35:02"]
[TimeControl "180+0"]

1. e4 c5 2. Nc3 Nc6 3. g3 d6 4. Bg2 e5 5. Nge2 Be6 6. O-O Qd7 7. f4 f6 8. f5
Bf7 9. d3 Nge7 10. Be3 Nd4 11. Qd2 d5 12. Nd1 Nxe2+ 13. Qxe2 d4 14. Bd2 Nc6
15. a3 Bd6 16. Nf2 O-O-O 17. c3 Kb8 18. c4 g6 19. Ng4 Be7 20. fxg6 hxg6 21.
Nxf6 Qe6 22. Nd5 g5 23. Qf3 Bg6 24. Qe2 g4 25. Nxe7 Nxe7 26. Rf2 Rdg8 27.
Raf1 a6 28. Rf6 Qd7 29. Bg5 Rg7 30. Rf8+ Rxf8 31. Rxf8+ Ka7 32. Qf2 Nc6 33.
Rf6 Be8 34. Bh4 Nb8 35. Qf5 Qc7 36. Rf8 Bc6 37. Qf6 Re7 38. Qh8 Rd7 39. Qf6
a5 40. Rxb8 Kxb8 41. Qf2 Ka7 42. Qf8 b6 43. Qf2 Qb7 44. Bg5
{Black forfeits on time}
1-0

[Event "ICC Open 2015"]
[Site "Internet Chess Club"]
[Date "2015.05.30"]
[Round "8"]
[White "Adonis"]
[Black "The7thGuest"]
[Result "1-0"]
[ICCResult "Black resigns"]
[WhiteElo "2644"]
[BlackElo "2071"]
[Opening "Old Benoni defense"]
[ECO "A43"]
[NIC "OI.09"]
[Time "15:36:08"]
[TimeControl "180+0"]

1. d4 c5 2. c4 cxd4 3. Qxd4 Nc6 4. Qh4 h6 5. Nf3 Nf6 6. Nc3 d6 7. e4 Bg4 8.
Be2 Qa5 9. O-O O-O-O 10. Nd5 Bxf3 11. Bxf3 Nxd5 12. exd5 Ne5 13. Be2 Kb8 14.
f4 g5 15. fxg5 Ng6 16. Qh3 hxg5 17. Qg3 f6 18. Be3 Ne5 19. a3 Bh6 20. b4 Qc7
21. Rfc1 f5 22. Bd4 f4 23. Qf2 b6 24. c5 dxc5 25. bxc5 Rxd5 26. cxb6 Qd7 27.
bxa7+ Ka8 28. Bxe5 Rxe5 29. Bf3+ Rd5 30. Rc5 e6 31. Rd1 Rd8 32. Rcxd5 exd5
33. Rxd5 Qxd5 34. Bxd5+ Rxd5 35. Qf3 Kxa7 36. Qxd5 {Black resigns} 1-0

[Event "ICC Open 2015"]
[Site "Internet Chess Club"]
[Date "2015.05.30"]
[Round "8"]
[White "BigSerge"]
[Black "VrloJakMK"]
[Result "0-1"]
[ICCResult "White forfeits on time"]
[WhiteElo "2013"]
[BlackElo "2247"]
[Opening "Sicilian: Smith-Morra gambit"]
[ECO "B21"]
[NIC "SI.48"]
[Time "15:36:10"]
[TimeControl "180+0"]

1. e4 c5 2. d4 cxd4 3. c3 dxc3 4. Nxc3 e6 5. Nf3 a6 6. Bc4 d6 7. Qe2 Be7 8.
O-O Nf6 9. Rd1 Qa5 10. Bf4 b5 11. Bb3 b4 12. Na4 e5 13. Be3 Nbd7 14. Bg5 O-O
15. Bxf6 Nxf6 16. Nd2 Bg4 17. f3 Bd7 18. Nc4 Qc7 19. Nab6 Ra7 20. Nxd7 Nxd7
21. Rac1 Nc5 22. Ne3 Bg5 23. Nd5 Qd8 24. Rc2 Ne6 25. Rc6 Nd4 26. Qc4 Nxc6
27. Qxc6 Kh8 28. g3 f5 29. Bc2 f4 30. g4 Bh4 31. Bb3 h5 32. h3 hxg4 33. hxg4
Bg3 34. Kg2 g6 35. Rh1+ Rh7 36. Rxh7+ Kxh7 37. Nxb4 Qh4 38. Qc2 Qh2+ 39. Kf1
Qh1+ 40. Ke2 Qg2+ {White forfeits on time} 0-1

[Event "ICC Open 2015"]
[Site "Internet Chess Club"]
[Date "2015.05.30"]
[Round "8"]
[White "Pkopsa"]
[Black "jorgeearroyo"]
[Result "1-0"]
[ICCResult "Black forfeits on time"]
[WhiteElo "1595"]
[BlackElo "1198"]
[Opening "Benko's opening"]
[ECO "A00"]
[NIC "VO.09"]
[Time "15:36:15"]
[TimeControl "180+0"]

1. g3 d5 2. Bg2 Bf5 3. d3 Nf6 4. Nd2 Nc6 5. c3 e5 6. e4 dxe4 7. dxe4 Bg4 8.
Qc2 Bc5 9. h3 Be6 10. Ngf3 Bc4 11. Nxc4 O-O 12. Bg5 h6 13. Bxf6 Qxf6 14. Ne3
Rad8 15. Nd5 Qd6 16. O-O f5 17. Rad1 fxe4 18. Qxe4 Qd7 19. Nh4 Qf7 20. Ne3
Bxe3 21. Qxe3 Rxd1 22. Rxd1 e4 23. Bxe4 {Black forfeits on time} 1-0

[Event "ICC Open 2015"]
[Site "Internet Chess Club"]
[Date "2015.05.30"]
[Round "8"]
[White "MoonlightWizard"]
[Black "gsvc"]
[Result "1-0"]
[ICCResult "Black resigns"]
[WhiteElo "2927"]
[BlackElo "2664"]
[Opening "Sicilian: Najdorf, Byrne (English) attack"]
[ECO "B90"]
[NIC "SI.14"]
[Time "15:35:50"]
[TimeControl "180+0"]

1. e4 c5 2. Nf3 d6 3. d4 cxd4 4. Nxd4 Nf6 5. Nc3 a6 6. Be3 e5 7. Nb3 Be6 8.
f4 Nbd7 9. f5 Bxb3 10. axb3 Rc8 11. Bd3 Be7 12. Qf3 h5 13. O-O Ng4 14. Nd5
Nxe3 15. Qxe3 Nf6 16. Nxf6+ Bxf6 17. Rfd1 Bg5 18. Qe2 h4 19. Bc4 O-O 20. Bd5
Bf4 21. Kh1 Rc7 22. c4 Qg5 23. Qf3 Be3 24. Rd3 Bd4 25. Qe2 Kh7 26. Rf1 b6
27. Rh3 Rh8 28. b4 Kg8 29. Ra3 Ra7 30. Rfa1 Rh6 31. h3 Qf4 32. Rf1 Qg5 33.
Ra4 Rf6 34. b5 a5 35. b4 Bc3 36. bxa5 Rxa5 37. Rxa5 Bxa5 38. Qf2 Kh7 39. Ra1
Qg3 40. Qxg3 hxg3 41. Rxa5 {Black resigns} 1-0

[Event "ICC Open 2015"]
[Site "Internet Chess Club"]
[Date "2015.05.30"]
[Round "8"]
[White "Art"]
[Black "burbur"]
[Result "1-0"]
[ICCResult "Black resigns"]
[WhiteElo "2342"]
[BlackElo "2541"]
[Opening "Caro-Kann: Panov-Botvinnik attack, 5...g6"]
[ECO "B14"]
[NIC "CK.03"]
[Time "15:35:47"]
[TimeControl "180+0"]

1. e4 c6 2. d4 d5 3. exd5 cxd5 4. c4 Nf6 5. Nc3 g6 6. cxd5 Bg7 7. Qb3 O-O 8.
Be2 Na6 9. Bf3 Qb6 10. Nge2 Qxb3 11. axb3 Nb4 12. O-O Rd8 13. d6 exd6 14.
Bf4 d5 15. Nb5 a5 16. Bc7 Re8 17. Rxa5 Rxa5 18. Bxa5 Nc6 19. Bb6 Be6 20. Ra1
g5 21. h3 h5 22. Nc7 Rc8 23. Nc3 Nd7 24. N7xd5 Bxd5 25. Nxd5 Nxb6 26. Nxb6
Rd8 27. d5 Nb4 28. Ra4 Nd3 29. Bxh5 Bxb2 30. Rg4 f6 31. h4 Ne5 32. Re4 gxh4
33. Be2 Nd7 34. Nc4 Nc5 35. Rg4+ {Black resigns} 1-0

[Event "ICC Open 2015"]
[Site "Internet Chess Club"]
[Date "2015.05.30"]
[Round "8"]
[White "ROWLAND"]
[Black "MasterZachary"]
[Result "1/2-1/2"]
[ICCResult "Game drawn by repetition"]
[WhiteElo "1749"]
[BlackElo "2167"]
[Opening "Sicilian, Chekhover variation"]
[ECO "B53"]
[NIC "SI.02"]
[Time "15:34:48"]
[TimeControl "180+0"]

1. e4 c5 2. Nf3 d6 3. d4 cxd4 4. Qxd4 Nc6 5. Bb5 Bd7 6. Bxc6 bxc6 7. c4 e5
8. Qd3 Nf6 9. Nc3 Be7 10. Bg5 O-O 11. O-O Nh5 12. Bxe7 Qxe7 13. Rfd1 Bg4 14.
Qxd6 Qxd6 15. Rxd6 Bxf3 16. gxf3 Rad8 17. Rad1 Rb8 18. b3 Nf4 19. Kf1 f5 20.
Ne2 fxe4 21. fxe4 Nh3 22. f4 exf4 23. e5 g5 24. e6 Rbe8 25. Rxc6 h5 26. Rd7
f3 27. Ng3 h4 28. Ne4 Rf4 29. Rcc7 Rxe6 30. Rg7+ Kf8 31. Rh7 Kg8 32. Rhg7+
Kf8 33. Rh7 Kg8 34. Rhg7+ Kh8 35. Rh7+ Kg8 36. Rcg7+ Kf8 37. Rxa7 Kg8 38.
Rag7+ Kf8 39. Ra7 Kg8 40. Rag7+ Kf8 41. Ra7 Kg8 42. Rag7+ Kf8 43. Ra7 Kg8
44. Rag7+ Kf8 45. Ra7 Kg8 46. Rag7+ Kf8 47. Rb7 Kg8 48. Rbg7+ Kf8 49. Rc7
Kg8 50. Rcg7+ Kf8 51. Rd7 Kg8 52. Rdg7+ Kf8 53. Rd7 Kg8 54. Rdg7+ Kf8 55.
Rd7 Kg8 56. Rdg7+ {Game drawn by repetition} 1/2-1/2

[Event "ICC Open 2015"]
[Site "Internet Chess Club"]
[Date "2015.05.30"]
[Round "8"]
[White "moonriver"]
[Black "HPG1947"]
[Result "1-0"]
[ICCResult "Black forfeits on time"]
[WhiteElo "1460"]
[BlackElo "1749"]
[Opening "Old Benoni defense"]
[ECO "A43"]
[NIC "OI.09"]
[Time "15:35:09"]
[TimeControl "180+0"]

1. d4 c5 2. Nf3 cxd4 3. Nxd4 d5 4. f4 Nf6 5. g3 Nc6 6. Nxc6 bxc6 7. Bg2 Bf5
8. e3 Be4 9. O-O h5 10. Nc3 Bxg2 11. Kxg2 h4 12. Qf3 Qd7 13. b3 hxg3 14.
Qxg3 g6 15. Qf3 Bg7 16. Bb2 Rh4 17. Na4 Rg4+ 18. Kh1 Qf5 19. Rac1 Kf8 20.
Nc5 Rh4 21. Nd3 Ng4 22. Rf2 Nxf2+ 23. Nxf2 Bxb2 24. Rg1 Qxc2 25. Ng4 Qe4 26.
Qxe4 dxe4 27. Rg2 Bf6 28. Nf2 Rd8 29. Nxe4 Rd1+ 30. Rg1 Rxg1+ 31. Kxg1 Kg7
32. Kg2 Rh8 33. Kg3 Rd8 34. Kf3 Rd1 35. Ng3 Ra1 36. a4 Rb1 37. Ne4 Rxb3 38.
Nxf6 {Black forfeits on time} 1-0

[Event "ICC Open 2015"]
[Site "Internet Chess Club"]
[Date "2015.05.30"]
[Round "8"]
[White "Berke"]
[Black "obt"]
[Result "0-1"]
[ICCResult "White forfeits on time"]
[WhiteElo "1493"]
[BlackElo "1934"]
[Opening "Giuoco Piano"]
[ECO "C53"]
[NIC "IG.02"]
[Time "15:35:19"]
[TimeControl "180+0"]

1. e4 e5 2. Nf3 Nc6 3. Bc4 Bc5 4. c3 d6 5. Bb3 Nge7 6. d3 h6 7. Nbd2 Ng6 8.
Nf1 O-O 9. Ng3 Kh8 10. h4 f5 11. h5 Nge7 12. Qe2 a5 13. Bd2 a4 14. Bc2 b5
15. O-O-O b4 16. Nh4 f4 17. Ngf5 Nxf5 18. exf5 b3 19. Bb1 bxa2 20. Bxa2 a3
21. Ng6+ Kh7 22. Nxf8+ Qxf8 23. Qe4 axb2+ 24. Kxb2 Ba3+ 25. Ka1 Na5 26. Qxa8
Qxf5 27. Qe4 Bc5 28. Qxf5+ Bxf5 29. d4 exd4 30. Kb2 d3 31. c4 Nc6 32. Bc3
Bxf2 33. Rhf1 Be3 34. g3 Ne5 35. gxf4 Ng4 {White forfeits on time} 0-1

[Event "ICC Open 2015"]
[Site "Internet Chess Club"]
[Date "2015.05.30"]
[Round "8"]
[White "auket40"]
[Black "livis"]
[Result "0-1"]
[ICCResult "White forfeits on time"]
[WhiteElo "1638"]
[BlackElo "1927"]
[Opening "Queen's pawn game, Darooha variation "]
[ECO "D02"]
[NIC "QP.08"]
[Time "15:35:46"]
[TimeControl "180+0"]

1. d4 d5 2. Nf3 Nf6 3. g3 g6 4. Bg2 Bg7 5. O-O O-O 6. h3 c6 7. Ne5 Nbd7 8.
Bf4 Nxe5 9. Bxe5 Ne8 10. Bxg7 Nxg7 11. c4 e6 12. Nc3 b6 13. cxd5 cxd5 14.
Rc1 Ba6 15. Re1 Rc8 16. Qa4 Bb7 17. Qxa7 Bc6 18. Qa3 Nf5 19. Qb4 h5 20. e4
dxe4 21. Bxe4 Qxd4 22. Qxd4 Nxd4 23. Bxc6 Rxc6 24. Kg2 Kg7 25. Ne4 Rfc8 26.
Rxc6 Rxc6 27. Rd1 e5 28. Nc3 b5 29. a3 Rc4 30. Re1 f6 31. f4 b4 32. axb4
Rxb4 33. Rb1 Nf5 34. fxe5 fxe5 35. Nd5 Rd4 36. g4 hxg4 37. hxg4 Rxd5 38.
gxf5 gxf5 39. Rf1 Kf6 40. Rf2 f4 41. Kf3 Kf5 42. Rc2 Rd3+
{White forfeits on time}
0-1

[Event "ICC Open 2015"]
[Site "Internet Chess Club"]
[Date "2015.05.30"]
[Round "8"]
[White "Iandmyself"]
[Black "Tomorrowlan"]
[Result "0-1"]
[ICCResult "White resigns"]
[WhiteElo "2505"]
[BlackElo "2870"]
[Opening "Sicilian: dragon, Yugoslav attack, 10.O-O-O"]
[ECO "B78"]
[NIC "SI.18"]
[Time "15:35:56"]
[TimeControl "180+0"]

1. e4 c5 2. Nf3 d6 3. d4 cxd4 4. Nxd4 Nf6 5. Nc3 g6 6. Be3 Bg7 7. f3 Nc6 8.
Qd2 O-O 9. Bc4 Bd7 10. O-O-O Rc8 11. Bb3 Ne5 12. Kb1 Nc4 13. Bxc4 Rxc4 14.
g4 b5 15. b3 Rc8 16. Ndxb5 a6 17. Nd4 Qc7 18. Nde2 Bc6 19. Bh6 Bxh6 20. Qxh6
a5 21. h4 Bxe4 22. fxe4 Nxe4 23. Rd3 Nf2 24. Rhh3 a4 25. h5 Nxh3 26. Rxh3 e6
27. Nd4 axb3 28. axb3 Ra8 29. Ne4 f5 30. hxg6 fxe4 31. Nxe6 Rf1+ 32. Kb2
Ra2+ 33. Kxa2 Qa5+ {White resigns} 0-1

[Event "ICC Open 2015"]
[Site "Internet Chess Club"]
[Date "2015.05.30"]
[Round "8"]
[White "yaguaro"]
[Black "A4-H5"]
[Result "1-0"]
[ICCResult "Black forfeits on time"]
[WhiteElo "2004"]
[BlackElo "1694"]
[Opening "Sicilian: Canal-Sokolsky (Nimzovich-Rossolimo, Moscow) attack"]
[ECO "B51"]
[NIC "SI.01"]
[Time "15:35:13"]
[TimeControl "180+0"]

1. e4 c5 2. Nf3 d6 3. Bb5+ Nd7 4. O-O a6 5. Bxd7+ Bxd7 6. d4 cxd4 7. Nxd4
Nf6 8. Nc3 g6 9. a4 Bg7 10. h3 O-O 11. Be3 Rc8 12. Qd2 e5 13. Nde2 Bc6 14.
f3 d5 15. exd5 Nxd5 16. Bh6 Nxc3 17. Nxc3 Qxd2 18. Bxd2 Rfd8 19. Be3 f5 20.
a5 f4 21. Bb6 Rd2 22. Rf2 Rxf2 23. Kxf2 Bf6 24. Rd1 Kf7 25. Rd2 Ke6 26. Ne4
Be7 27. c3 Bh4+ 28. Kg1 Be7 29. Kh2 g5 30. Kg1 h5 31. Kf2 g4 32. hxg4 hxg4
33. b3 g3+ 34. Ke2 Bxe4 35. fxe4 Rxc3 36. Rd3 Rc2+ 37. Rd2 Rxd2+ 38. Kxd2
Kd6 39. Kc3 Kc6 40. Kc4 Ba3 41. b4 Bc1 42. Bc5 Bd2 43. Bf8 Be3 44. Kd3 Bd4
45. Ke2 Kb5 46. Kf3 Bc3 47. Bd6 Kc4 48. Ke2 Kd4 49. Kf3 Kd3 50. Bc7 Kd4 51.
Bd6 Kd3 52. Bc7 Bxb4 53. Bd6 Bc3 54. Bc7 Bb4 55. Bb8 Bxa5 56. Bc7 Bc3 57.
Bb8 a5 58. Bc7 a4 59. Bb8 a3 60. Bxe5 a2 61. Bxc3 {Black forfeits on time}
1-0

[Event "ICC Open 2015"]
[Site "Internet Chess Club"]
[Date "2015.05.30"]
[Round "8"]
[White "Discoverchess"]
[Black "CrossShark"]
[Result "1-0"]
[ICCResult "Black resigns"]
[WhiteElo "2496"]
[BlackElo "2697"]
[Opening "Catalan: closed, 5.Nf3"]
[ECO "E06"]
[NIC "CA.04"]
[Time "15:35:46"]
[TimeControl "180+0"]

1. c4 Nf6 2. g3 e6 3. Bg2 d5 4. Nf3 Be7 5. d4 O-O 6. Qc2 c6 7. O-O b6 8. b3
Bb7 9. Bb2 Na6 10. Nc3 Rc8 11. Rad1 Qc7 12. e4 c5 13. exd5 exd5 14. dxc5
dxc4 15. Nb5 Qb8 16. Be5 Qa8 17. Ng5 g6 18. Bxb7 Qxb7 19. Nd6 Bxd6 20. Bxd6
Rfe8 21. Qc3 Ne4 22. Nxe4 Rxe4 23. Qf6 Re6 24. Qf4 cxb3 25. axb3 Nxc5 26.
Be5 Rce8 27. Ba1 Nxb3 28. Bb2 f5 29. h4 Nc5 30. h5 Qe4 31. Qh6 R6e7 32. hxg6
Qg4 33. Rd6 Ne4 34. Re6 Qxg6 35. Rxg6+ hxg6 36. Qxg6+ Kf8 37. Qxf5+ Rf7 38.
Ba3+ Kg8 39. Qg6+ Kh8 40. Qxf7 Re5 41. Bb2 {Black resigns} 1-0

[Event "ICC Open 2015"]
[Site "Internet Chess Club"]
[Date "2015.05.30"]
[Round "8"]
[White "Neurisdr"]
[Black "kingmate"]
[Result "1-0"]
[ICCResult "Black forfeits on time"]
[WhiteElo "2892"]
[BlackElo "2560"]
[Opening "French: Tarrasch, closed variation"]
[ECO "C05"]
[NIC "FR.16"]
[Time "15:35:01"]
[TimeControl "180+0"]

1. e4 e6 2. d4 d5 3. Nd2 Nf6 4. e5 Nfd7 5. f4 c5 6. c3 Nc6 7. Ndf3 Rb8 8.
Bd3 b5 9. Ne2 g6 10. O-O Qb6 11. Be3 Be7 12. a3 a5 13. Kh1 h5 14. Qe1 b4 15.
Ng5 Bxg5 16. fxg5 c4 17. Bc2 Ne7 18. Qh4 Nf8 19. Rf6 Qc7 20. Raf1 Rh7 21.
Nf4 bxc3 22. bxc3 Rb2 23. Ba4+ Bd7 24. Bd1 Ng8 25. Bc1 Rb1 26. Bc2 Ra1 27.
Qf2 Nxf6 28. gxf6 Bc6 29. Nh3 Qb6 30. Ng5 Rh8 31. h4 Bb5 32. Bb2 Rxf1+ 33.
Qxf1 Qc6 34. Qd1 Nd7 35. a4 Ba6 36. Ba3 Nb6 37. Bxg6 fxg6 38. Qb1 Kd7 39.
Qxg6 Qxa4 40. Qg7+ Kc6 41. Bd6 Qd1+ 42. Kh2 Rc8 43. Nxe6 Qg4 44. Qxg4 hxg4
45. f7 Nd7 46. h5 a4 47. Kg3 Rh8 48. Kxg4 Bc8 49. Kh4 Nxe5 50. f8=Q Rxf8 51.
Bxf8 Bxe6 52. dxe5 d4 53. cxd4 c3 54. Ba3 c2 55. g4 Kd5 56. Bc1 Ke4 57. g5
Kf5 58. g6 Bg8 59. e6 Bxe6 60. g7 Bf7 61. h6 Be6 62. d5 Bf7 63. h7
{Black forfeits on time}
1-0

[Event "ICC Open 2015"]
[Site "Internet Chess Club"]
[Date "2015.05.30"]
[Round "8"]
[White "Talion"]
[Black "GeneraLisimus"]
[Result "0-1"]
[ICCResult "White resigns"]
[WhiteElo "2822"]
[BlackElo "3199"]
[Opening "Queen's Pawn"]
[ECO "A41"]
[NIC "QO.17"]
[Time "15:35:33"]
[TimeControl "180+0"]

1. d4 d6 2. Bf4 g6 3. c3 Bg7 4. Nf3 Nf6 5. h3 O-O 6. e3 b6 7. Be2 Bb7 8. O-O
c5 9. Bh2 Nbd7 10. a4 a6 11. Nfd2 Re8 12. Na3 Rc8 13. Bf3 Bxf3 14. Qxf3 Qc7
15. Rfe1 e5 16. dxe5 Nxe5 17. Qe2 Qb7 18. Nac4 Re6 19. Nxe5 dxe5 20. Nc4 Ne4
21. Red1 b5 22. axb5 axb5 23. Na5 Qb6 24. c4 b4 25. Nb3 h5 26. f3 Nf6 27. e4
Ne8 28. Bg3 Bf8 29. Bf2 Rd6 30. Rd5 Rxd5 31. cxd5 Qc7 32. Ra6 Qb7 33. Na5
Qd7 34. Nc4 Qb5 35. Ra5 Qb8 36. b3 Nd6 37. Nxe5 Nb7 38. Nd7 Qd6 39. Ra7 Qxd7
40. Qa6 Rc7 41. Qb6 Bd6 42. h4 Nd8 43. Ra6 Bf8 44. Ra8 Rc8 45. Ra7 Qd6 46.
Qb5 Qf4 47. Qd7 Rb8 48. Qe8 c4 49. e5 c3 50. Rc7 Ra8 51. Kf1 Ra1+
{White resigns}
0-1

[Event "ICC Open 2015"]
[Site "Internet Chess Club"]
[Date "2015.05.30"]
[Round "8"]
[White "waynerooney"]
[Black "SurferRosa"]
[Result "0-1"]
[ICCResult "White checkmated"]
[WhiteElo "1972"]
[BlackElo "2315"]
[Opening "Giuoco Piano"]
[ECO "C54"]
[NIC "IG.02"]
[Time "15:35:44"]
[TimeControl "180+0"]

1. e4 e5 2. Nf3 Nc6 3. Bc4 Bc5 4. c3 Nf6 5. d3 a6 6. O-O O-O 7. Bg5 Be7 8.
Nbd2 d6 9. h3 Nd7 10. Bxe7 Qxe7 11. d4 Kh8 12. Re1 Nb6 13. Bb3 Bd7 14. Nf1
Rae8 15. Ne3 f6 16. Qd3 Nd8 17. Rad1 Ne6 18. Nf5 Qd8 19. g3 g6 20. Ne3 Qe7
21. Kg2 Qg7 22. Nd5 Nxd5 23. Bxd5 Nd8 24. Bb3 Bc6 25. Bc2 f5 26. d5 Bd7 27.
h4 fxe4 28. Rxe4 Bf5 29. Qe3 Bxe4 30. Bxe4 Nf7 31. c4 Qh6 32. Qe2 Kg7 33. b4
a5 34. a3 axb4 35. axb4 Ra8 36. c5 Ra3 37. cxd6 cxd6 38. Rc1 Qxc1 39. h5 Ra1
40. Nh4 Qh1# {White checkmated} 0-1